 Dungeon Crawl Stone Soup version 0.26-a0-597-gb535b0901c (webtiles) character file.

Game seed: 2496396680441152714

6 Lanoc the Skirmisher (level 1, 0/11 HPs)
             Began as a Vine Stalker Monk on Sept 2, 2020.
             Slain by a scorpion (2 damage)
             ... on level 3 of the Dungeon.
             The game lasted 00:00:35 (461 turns).

Lanoc the Skirmisher (Vine Stalker Monk)             Turns: 461, Time: 00:00:36

Health: 0/11       AC:  2    Str: 13    XL:     1   Next: 90%
Magic:  0/2        EV: 13    Int: 10    God:
Gold:   0          SH:  0    Dex: 16    Spells: 0/0 levels left

rFire    . . .     SeeInvis .   a - +0 falchion
rCold    . . .     Faith    .   (no shield)
rNeg     . . .     Spirit   +   b - +0 robe
rPois    .         Reflect  .   (no helmet)
rElec    .         Harm     .   (no cloak)
rCorr    .                      (no gloves)
MR       .....                  (no boots)
Stlth    ++........             (no amulet)
HPRegen  0.03/turn              (no ring)
MPRegen  0.08/turn              (no ring)

@: no status effects
A: fangs 2, magic shield, antimagic bite, no potion heal 3, rot immunity
a: no special abilities


You were on level 3 of the Dungeon.
You visited 1 branch of the dungeon, and saw 3 of its levels.

Inventory:

Hand Weapons
 a - a +0 falchion (weapon)
Armour
 b - a +0 robe (worn)
Scrolls
 e - a scroll of fog {unknown}
 f - a scroll of blinking {unknown}
Potions
 c - a potion of resistance {unknown}
 d - a potion of heal wounds {unknown}


   Skills:
 + Level 2.9 Fighting
 - Level 2.6 Long Blades
 + Level 2.6 Dodging
 - Level 2.4 Stealth


You couldn't memorise any spells.
You didn't know any spells.
Your spell library was empty.

Dungeon Overview and Level Annotations

Branches:
Dungeon (3/15)

Altars:


Innate Abilities, Weirdness & Mutations

You have extremely sharp teeth.
When hurt, damage is shared between your health and your magic reserves.
Your bite disrupts and absorbs the magic of your enemies.
Potions cannot restore your health.
You are immune to rotting.


Message History

A scorpion comes into view.
Found a yellow potion and a club.
You barely miss the scorpion.
You bite the scorpion, but do no damage.
The scorpion stings you.
You closely miss the scorpion. The scorpion stings you.
The scorpion closely misses you.
You riposte.
You closely miss the scorpion.
You bite the scorpion, but do no damage.
You closely miss the scorpion. The scorpion misses you.
You hit the scorpion. Your bite misses the scorpion.
The scorpion is lightly wounded.
The scorpion barely misses you.
You hit the scorpion.
The scorpion is moderately wounded.
The scorpion stings you.
* * * LOW HITPOINT WARNING * * *
A kobold comes into view. It is wielding a -2 club.
A hobgoblin comes into view. It is wielding a +0 club.
The scorpion stings you.
You die...

#...# #.# .# #... #.# .# ...
####.###.### ... #.......K..#
#.# #.##.#...#.# #.#
#.##.#...#.# ########
#.####.##........
#......######...##.####..##.#
#.# #......@s#.##.####..##.#
#.####..#####..g............#
#.#.....# ######.###.######
#.#.#..## ######.###.#
##.#.#..# #.......##.#
#....#.... #.####.##..#
#<#######.# #.# ### .##
#....# .# #.# #. ####.# # ...
#.


You could see a scorpion and a hobgoblin.

Vanquished Creatures
  2 hobgoblins
  A kobold (D:1)
  A quokka (D:3)
  A bat (D:1)
5 creatures vanquished.

Notes
Turn   | Place    | Note
-------+----------+-------------------------------------------
     0 | D:1      | Lanoc the Vine Stalker Monk began the quest for the Orb.
     0 | D:1      | Reached XP level 1. HP: 11/11 MP: 2/2
   422 | D:3      | Noticed a scorpion
   461 | D:3      | Slain by a scorpion

Illustrated notes

Levels and vault maps discovered:
D:1:      minmay_arrival_three_doors, layout_loops_ring
D:2:      layout_basic, lemuel_round_altar, hangedman_decor_riveting,
          minmay_misc_feat_plants, minivault_25
D:3:      layout_loops_cross, nicolae_ru_awakened_eye

Action                   || total
-------------------------++-------
Melee: Falchion          ||    17
       Bite              ||     4
 Stab: Sleeping          ||     2
Armor: Robe              ||     3
Dodge: Dodged            ||    16
       Rpst.: Falchion   ||     5

Table legend: (Time is in decaauts)
 A = Elapsed time spent in this place.
 B = Non-inter-level travel time spent in this place.
 C = Inter-level travel time spent in this place.
 D = Time resting spent in this place.
 E = Time spent auto-exploring this place.
 F = Levels seen in this place.
 G = Mean time per level.
                   A        B        C        D        E       F      G
               +--------+--------+--------+--------+--------+-----+--------+
         Total |    463 |    448 |     15 |      0 |    373 |   3 |  154.3 |
       Dungeon |    463 |    448 |     15 |      0 |    373 |   3 |  154.3 |
               +--------+--------+--------+--------+--------+-----+--------+

Top non-repeatable levels by time:
     D:1: 284 daAuts
     D:3: 159 daAuts
     D:2: 19 daAuts
